Construct Section Command Post
Construct Platoon Command Post
Unlock M3 Stuart Light Tanks
Selects British Armored Battlegroup
Selects Engineer Detachments
Construct Field Infirmary
Selects Crusader AA Medium Tank
6-pounder Anti-tank Gun Team
Selects Light Vehicle Withdraw and Refit
Light Vehicle Withdraw and Refit
Construct Company Command Post
Selects Churchill IV Heavy Tank
6-pounder Anti-tank Gun Team
6-pounder Anti-tank Gun Team